 Dungeon Crawl Stone Soup version 0.25-b1-29-g4cfa5c7bda (webtiles) character file.

Game seed: 17016732843449129510, levelgen mode: deterministic

83 Delamore the Cudgeler (level 4, -2/28 HPs)
             Began as a Gargoyle Fighter on June 3, 2020.
             Slain by a gnoll
             ... wielding a +0 spear
              (6 damage)
             ... on level 2 of the Dungeon.
             The game lasted 00:01:25 (1397 turns).

Delamore the Cudgeler (Gargoyle Fighter)            Turns: 1397, Time: 00:01:27

Health: -2/28      AC:  4    Str: 21    XL:     4   Next: 44%
Magic:  4/4        EV:  7    Int:  8    God:
Gold:   57         SH:  9    Dex:  9    Spells: 3/3 levels left

rFire    . . .     SeeInvis .   a - +0 flail
rCold    . . .     Gourm    .   c - +0 kite shield
rNeg     + . .     Faith    .   b - +0 scale mail
rPois    ∞         Spirit   .   (no helmet)
rElec    +         Reflect  .   (no cloak)
rCorr    .         Harm     .   (no gloves)
MR       .....                  g - +1 pair of boots
Stlth    ..........             (no amulet)
HPRegen  0.09/turn              (no ring)
MPRegen  0.09/turn              (no ring)

@: corroded
A: negative energy resistance 1, electricity resistance, unbreathing,
petrification resistance, rot immunity, AC +3
a: no special abilities


You were on level 2 of the Dungeon.
You were not hungry.

You visited 1 branch of the dungeon, and saw 2 of its levels.

You collected 57 gold pieces.

Inventory:

Hand Weapons
 a - a +0 flail (weapon)
Missiles
 p - 15 poisoned darts (quivered)
Armour
 b - a +0 scale mail (worn)
 c - a +0 kite shield (worn)
 g - a +1 pair of boots (worn)
Jewellery
 q - an uncursed ring of protection from fire {unknown}
Scrolls
 e - 3 scrolls of teleportation {unknown}
 j - a scroll of blinking {unknown}
 l - a scroll of fear {unknown}
 m - a scroll of identify {unknown}
 n - a scroll of remove curse {unknown}
 r - a scroll of enchant armour {unknown}
Potions
 d - 2 potions of might
 i - 2 potions of stabbing {unknown}
 k - a potion of berserk rage {unknown}
 o - a potion of curing {unknown}
Comestibles
 f - 3 rations
 h - 4 chunks of flesh


   Skills:
 - Level 3.2 Fighting
 + Level 4.4 Maces & Flails
 - Level 3.2 Armour
 - Level 3.4 Shields


You had 3 spell levels left.
You didn't know any spells.
Your spell library was empty.

Dungeon Overview and Level Annotations

Branches:
Dungeon (2/15)

Altars:


Innate Abilities, Weirdness & Mutations

You are resistant to torment.
Your stone body is resilient. (AC +3)
You are immune to poison.
You resist negative energy. (rN+)
You are resistant to electric shocks. (rElec)
You can survive without breathing.
You are immune to petrification.
You are immune to rotting.


Message History

You barely miss the gnoll.
The gnoll is severely wounded.
The bat hits you but does no damage. The jelly hits you but does no damage.
You block the gnoll's attack. The gnoll hits you but does no damage.
You block the bat's attack.
The gnoll hits you from afar with a +0 halberd.
The jelly hits you but does no damage.
You hit the jelly but do no damage. The acid corrodes you!
Your hands burn!
The bat hits you. You block the gnoll's attack.
The gnoll hits you with a +0 spear. The gnoll barely misses you.
The jelly hits you but does no damage.
The gnoll hits you from afar with a +0 spear!
* * * LOW HITPOINT WARNING * * *
You hit the jelly. The acid corrodes you!
Your hands burn!
* * * LOW HITPOINT WARNING * * *
The jelly is moderately wounded.
The bat hits you but does no damage. The gnoll barely misses you.
The gnoll completely misses you. You block the jelly's attack.
You block the gnoll's attack. The gnoll hits you with a +0 spear.
You die...

#.# #####.##.## #.# ..
.)##.#...### #.# #.
#.##.#.#.... ### #.
#.##.#...# . ##.
#......# #(###..
#......###### #.....
#...........#
#.gb##.......##..
#..g@J.......#.# #
#..g###.#####..##.##.#
#..#.
....###.........# # ..
$<.......#.##.##. ##
.###..###.##.#.#.#
#.........)>.#
########.
##.###.####### ##
####........ #.# #.#
.# #...######## #.#
#.#


You could see a jelly, 3 gnolls and a bat.

Vanquished Creatures
  A gnoll (D:2)
  3 adders (D:2)
  A worm (D:2)
  A dart slug (D:1)
  A leopard gecko (D:2)
  4 goblins (D:1)
  7 hobgoblins
  3 jackals (D:2)
  7 kobolds
  A quokka (D:2)
  A ball python (D:1)
  4 bats (D:1)
  4 frilled lizards
  3 rats
41 creatures vanquished.

Notes
Turn   | Place    | Note
-------+----------+-------------------------------------------
     0 | D:1      | Delamore the Gargoyle Fighter began the quest for the Orb.
     0 | D:1      | Reached XP level 1. HP: 14/14 MP: 1/1
   146 | D:1      | Reached XP level 2. HP: 19/19 MP: 2/2
   373 | D:1      | Reached skill level 3 in Maces & Flails
   550 | D:1      | Reached XP level 3. HP: 23/23 MP: 3/3
  1125 | D:2      | Reached skill level 4 in Maces & Flails
  1125 | D:2      | Reached XP level 4. HP: 21/28 MP: 4/4
  1397 | D:2      | Slain by a gnoll

Illustrated notes

Levels and vault maps discovered:
D:1:      kilobyte_arrival_exit_the_forest, layout_basic
D:2:      layout_loops_ring, tgw_trog

Skill      XL: |  1  2  3 |
---------------+----------+-----
Maces & Flails | 3 4 |  4.4
Fighting       | |  3.2
Armour         | |  3.2
Shields        | |  3.4

Action                   |  1- 3 |  4- 6 || total
-------------------------+-------+-------++-------
Melee: Flail             |   128 |    30 ||   158
  Eat: Chunk             |     1 |     1 ||     2
Armor: Scale mail        |    51 |    33 ||    84
Dodge: Dodged            |    36 |    17 ||    53
Block: Kite shield       |    50 |    21 ||    71
